[ PARTIDA AOE2 · #457536810 ]
Team RMMaya vs Poles
[ ANÁLISIS DE REPETICIÓN · EXTRAÍDO DE LA PARTIDA GRABADA ]
Feudal
10:19
Castillos
18:25
Imperial
30:06
| APM promedio | 25.0 |
| APM pico | 65 |
| eAPM promedio | 9.2 |
| Aldeanos / militares | 67 / 37 |
Foco
⚔️ 21.7% · 🌾 78.3%
Archer ×29 · Skirmisher ×3 · Spearman ×2 · Eagle Scout ×2 · Trebuchet (Packed) ×1
Feudal
11:32
Castillos
16:09
Imperial
33:22
| APM promedio | 36.0 |
| APM pico | 101 |
| eAPM promedio | 19.1 |
| Aldeanos / militares | 162 / 301 |
Foco
⚔️ 45.6% · 🌾 54.4%
Skirmisher ×179 · Spearman ×67 · Scorpion ×48 · Mangonel ×5 · Boyar ×1 · Monk ×1
Feudal
14:01
Castillos
18:56
Imperial
31:07
| APM promedio | 31.3 |
| APM pico | 68 |
| eAPM promedio | 24.4 |
| Aldeanos / militares | 155 / 573 |
Foco
⚔️ 59.8% · 🌾 40.2%
Knight ×291 · Scout Cavalry ×214 · Obuch ×68
Feudal
13:54
Castillos
17:30
Imperial
34:17
| APM promedio | 32.5 |
| APM pico | 65 |
| eAPM promedio | 19.6 |
| Aldeanos / militares | 191 / 256 |
Foco
⚔️ 30.6% · 🌾 69.4%
Monaspa ×141 · Scout Cavalry ×85 · Monk ×30
Feudal
11:06
Castillos
14:43
Imperial
30:11
| APM promedio | 34.3 |
| APM pico | 84 |
| eAPM promedio | 20.3 |
| Aldeanos / militares | 78 / 180 |
Foco
⚔️ 35.9% · 🌾 64.1%
Skirmisher ×89 · Conquistador ×80 · Bombard Cannon ×8 · Petard ×2 · Trebuchet (Packed) ×1
Feudal
11:51
Castillos
19:12
Imperial
30:00
| APM promedio | 38.0 |
| APM pico | 82 |
| eAPM promedio | 23.3 |
| Aldeanos / militares | 122 / 313 |
Foco
⚔️ 29.2% · 🌾 70.8%
Archer ×120 · Spearman ×100 · Scout Cavalry ×90 · Trebuchet (Packed) ×2 · Bombard Cannon ×1
Feudal
13:07
Castillos
16:28
Imperial
28:57
| APM promedio | 42.6 |
| APM pico | 120 |
| eAPM promedio | 21.4 |
| Aldeanos / militares | 137 / 224 |
Foco
⚔️ 44.5% · 🌾 55.5%
War Elephant ×82 · Archer ×68 · Knight ×57 · Trebuchet (Packed) ×10 · Camel Scout ×5 · Monk ×1
Feudal
10:34
Castillos
16:37
Imperial
29:48
| APM promedio | 32.8 |
| APM pico | 85 |
| eAPM promedio | 23.8 |
| Aldeanos / militares | 154 / 454 |
Foco
⚔️ 24.4% · 🌾 75.6%
Spearman ×420 · Bombard Cannon ×29 · Monk ×5
Mapa de la partida
Recursos al inicio + cada clic de construcción. Línea gruesa = muro · recuadro discontinuo = muro de casas detectado. 🟡 oro · ⚪ piedra · 🟢 bayas · 🔶 jabalí · ⭕ reliquia
Inputs por minuto
— T1 - - Lord VanZaldua
Build order — T1
Primeras 150 de 197 acciones detectadas
| 0:01 | Crear | Villager (Male) |
| 0:02 | Crear | Villager (Male) |
| 0:02 | Crear | Villager (Male) |
| 0:05 | Construir | House |
| 0:08 | Construir | House |
| 0:13 | Investigar | Loom |
| 0:13 | Crear | Villager (Male) |
| 0:14 | Crear | Villager (Male) |
| 0:14 | Crear | Villager (Male) |
| 1:41 | Crear | Villager (Male) |
| 1:41 | Crear | Villager (Male) |
| 2:12 | Crear | Villager (Male) |
| 2:12 | Crear | Villager (Male) |
| 2:42 | Crear | Villager (Male) |
| 2:43 | Crear | Villager (Male) |
| 2:43 | Crear | Villager (Male) |
| 3:31 | Crear | Villager (Male) |
| 3:31 | Crear | Villager (Male) |
| 3:34 | Construir | House |
| 3:36 | Construir | Lumber Camp |
| 3:47 | Crear | Villager (Male) |
| 3:47 | Crear | Villager (Male) |
| 3:47 | Crear | Villager (Male) |
| 4:33 | Crear | Villager (Male) |
| 5:01 | Crear | Villager (Male) |
| 5:01 | Crear | Villager (Male) |
| 5:46 | Crear | Villager (Male) |
| 5:49 | Construir | House |
| 6:02 | Construir | Mill |
| 6:05 | Crear | Villager (Male) |
| 6:12 | Crear | Villager (Male) |
| 6:45 | Crear | Villager (Male) |
| 7:03 | Construir | House |
| 7:07 | Crear | Villager (Male) |
| 7:48 | Construir | Barracks |
| 8:10 | Investigar | Feudal Age |
| 8:15 | Construir | Mining Camp |
| 9:01 | Crear | Villager (Male) |
| 9:01 | Crear | Villager (Male) |
| 9:11 | Construir | House |
| 9:46 | Construir | House |
| 10:19 | Edad | Edad Feudal |
| 10:22 | Crear | Spearman |
| 10:32 | Construir | Blacksmith |
| 10:45 | Crear | Spearman |
| 10:47 | Crear | Villager (Male) |
| 10:47 | Crear | Villager (Male) |
| 10:47 | Crear | Villager (Male) |
| 10:49 | Investigar | Double-Bit Axe |
| 11:18 | Construir | Farm |
| 11:28 | Construir | Market |
| 12:00 | Crear | Villager (Male) |
| 12:09 | Crear | Eagle Scout |
| 12:13 | Crear | Eagle Scout |
| 12:29 | Crear | Villager (Male) |
| 12:29 | Crear | Villager (Male) |
| 12:37 | Construir | Farm |
| 12:49 | Construir | Archery Range |
| 12:54 | Construir | Archery Range |
| 13:07 | Investigar | Forging |
| 13:37 | Crear | Villager (Male) |
| 13:37 | Crear | Villager (Male) |
| 13:45 | Construir | House |
| 14:22 | Construir | Archery Range |
| 14:26 | Crear | Archer |
| 14:30 | Crear | Villager (Male) |
| 15:00 | Investigar | Fletching |
| 15:10 | Crear | Archer |
| 15:45 | Investigar | Castle Age |
| 16:14 | Construir | Farm |
| 16:15 | Construir | Farm |
| 16:17 | Construir | Farm |
| 16:18 | Construir | Farm |
| 16:19 | Construir | Farm |
| 16:20 | Construir | Farm |
| 16:23 | Construir | Farm |
| 16:26 | Construir | House |
| 16:39 | Crear | Archer |
| 16:39 | Crear | Archer |
| 16:43 | Construir | House |
| 17:32 | Construir | Archery Range |
| 17:43 | Investigar | Fletching |
| 17:46 | Crear | Archer |
| 17:46 | Crear | Archer |
| 17:47 | Crear | Archer |
| 18:11 | Construir | Farm |
| 18:13 | Construir | Farm |
| 18:16 | Construir | Farm |
| 18:25 | Edad | Edad de los Castillos |
| 18:30 | Investigar | Crossbowman (upgrade) |
| 18:42 | Construir | University |
| 18:52 | Crear | Archer |
| 18:52 | Crear | Villager (Male) |
| 18:53 | Crear | Villager (Male) |
| 18:53 | Crear | Villager (Male) |
| 19:00 | Crear | Villager (Male) |
| 19:31 | Crear | Archer |
| 19:32 | Crear | Archer |
| 19:36 | Investigar | Town Watch |
| 19:39 | Construir | House |
| 19:41 | Construir | House |
| 19:42 | Construir | House |
| 20:03 | Investigar | Bodkin Arrow |
| 20:26 | Investigar | Ballistics |
| 20:36 | Investigar | Padded Archer Armor |
| 20:40 | Crear | Archer |
| 20:49 | Crear | Villager (Male) |
| 20:49 | Crear | Villager (Male) |
| 20:50 | Crear | Villager (Male) |
| 20:56 | Construir | House |
| 20:57 | Construir | House |
| 21:03 | Construir | Mining Camp |
| 21:25 | Construir | Farm |
| 21:28 | Construir | Farm |
| 21:54 | Crear | Archer |
| 21:55 | Crear | Archer |
| 22:00 | Crear | Villager (Male) |
| 22:01 | Crear | Villager (Male) |
| 22:01 | Crear | Villager (Male) |
| 22:07 | Crear | Villager (Male) |
| 22:22 | Construir | House |
| 22:23 | Construir | House |
| 22:25 | Construir | House |
| 22:49 | Crear | Villager (Male) |
| 23:10 | Construir | House |
| 23:21 | Crear | Villager (Male) |
| 23:25 | Crear | Villager (Male) |
| 23:32 | Construir | Farm |
| 23:34 | Construir | Farm |
| 23:35 | Construir | Farm |
| 23:40 | Construir | Farm |
| 23:46 | Crear | Villager (Male) |
| 24:10 | Construir | House |
| 24:12 | Construir | House |
| 24:29 | Crear | Villager (Male) |
| 24:58 | Crear | Archer |
| 24:58 | Crear | Archer |
| 24:59 | Crear | Archer |
| 24:59 | Crear | Archer |
| 25:08 | Investigar | Leather Archer Armor |
| 25:11 | Investigar | Iron Casting |
| 25:25 | Construir | Monastery |
| 25:57 | Crear | Villager (Male) |
| 25:59 | Crear | Villager (Male) |
| 26:31 | Construir | House |
| 26:43 | Construir | House |
| 26:44 | Construir | House |
| 26:56 | Investigar | Imperial Age |
| 27:01 | Crear | Archer |
| 27:02 | Crear | Archer |
Build order — Lord VanZaldua
Primeras 150 de 686 acciones detectadas
| 0:02 | Construir | House |
| 0:04 | Construir | House |
| 0:06 | Crear | Villager (Male) |
| 0:06 | Crear | Villager (Male) |
| 0:06 | Crear | Villager (Male) |
| 0:07 | Crear | Villager (Male) |
| 0:07 | Crear | Villager (Male) |
| 1:32 | Crear | Villager (Male) |
| 1:33 | Crear | Villager (Male) |
| 1:54 | Crear | Villager (Male) |
| 1:54 | Crear | Villager (Male) |
| 2:16 | Construir | Lumber Camp |
| 2:27 | Crear | Villager (Male) |
| 2:28 | Crear | Villager (Male) |
| 2:33 | Crear | Villager (Male) |
| 2:34 | Crear | Villager (Male) |
| 3:08 | Crear | Villager (Male) |
| 3:08 | Crear | Villager (Male) |
| 3:59 | Construir | House |
| 4:11 | Crear | Villager (Male) |
| 4:11 | Crear | Villager (Male) |
| 4:11 | Crear | Villager (Male) |
| 4:12 | Crear | Villager (Male) |
| 4:19 | Construir | House |
| 4:43 | Construir | Mill |
| 4:45 | Crear | Villager (Male) |
| 4:45 | Crear | Villager (Male) |
| 5:10 | Crear | Villager (Male) |
| 5:10 | Crear | Villager (Male) |
| 6:36 | Crear | Villager (Male) |
| 6:37 | Crear | Villager (Male) |
| 6:37 | Crear | Villager (Male) |
| 6:38 | Crear | Villager (Male) |
| 6:56 | Crear | Villager (Male) |
| 7:26 | Crear | Villager (Male) |
| 8:56 | Construir | Mining Camp |
| 9:22 | Investigar | Feudal Age |
| 9:46 | Construir | Mining Camp |
| 10:06 | Construir | House |
| 11:32 | Edad | Edad Feudal |
| 11:33 | Construir | Farm |
| 11:34 | Construir | Farm |
| 11:35 | Crear | Villager (Male) |
| 11:35 | Crear | Villager (Male) |
| 11:36 | Crear | Villager (Male) |
| 11:44 | Construir | Market |
| 12:37 | Construir | Blacksmith |
| 13:03 | Crear | Villager (Male) |
| 13:18 | Construir | House |
| 13:19 | Construir | House |
| 13:21 | Construir | House |
| 13:29 | Investigar | Castle Age |
| 13:30 | Investigar | Castle Age |
| 13:43 | Investigar | Double-Bit Axe |
| 13:45 | Investigar | Gold Mining |
| 14:39 | Construir | House |
| 14:39 | Construir | House |
| 15:12 | Investigar | Horse Collar |
| 15:20 | Construir | House |
| 16:09 | Edad | Edad de los Castillos |
| 16:13 | Construir | Siege Workshop |
| 16:15 | Construir | House |
| 16:30 | Crear | Villager (Male) |
| 16:31 | Crear | Villager (Male) |
| 16:35 | Construir | Farm |
| 16:37 | Construir | Farm |
| 16:38 | Construir | Farm |
| 16:39 | Construir | Farm |
| 16:43 | Crear | Villager (Male) |
| 16:48 | Construir | House |
| 16:49 | Construir | House |
| 16:55 | Crear | Mangonel |
| 17:38 | Construir | Town Center |
| 17:43 | Crear | Villager (Male) |
| 17:54 | Construir | House |
| 18:27 | Construir | Town Center |
| 18:32 | Crear | Villager (Male) |
| 18:32 | Crear | Villager (Male) |
| 18:33 | Crear | Villager (Male) |
| 18:49 | Construir | House |
| 19:14 | Construir | House |
| 19:23 | Construir | Building 490 |
| 19:38 | Crear | Villager (Male) |
| 19:38 | Crear | Villager (Male) |
| 19:39 | Crear | Villager (Male) |
| 19:39 | Crear | Villager (Male) |
| 19:57 | Crear | Villager (Male) |
| 19:58 | Crear | Villager (Male) |
| 20:11 | Crear | Villager (Male) |
| 20:11 | Crear | Villager (Male) |
| 20:12 | Crear | Villager (Male) |
| 20:29 | Construir | Castle |
| 20:47 | Crear | Villager (Male) |
| 20:47 | Crear | Villager (Male) |
| 20:47 | Crear | Villager (Male) |
| 20:52 | Construir | Farm |
| 20:53 | Construir | Farm |
| 20:53 | Construir | Farm |
| 20:54 | Construir | Farm |
| 21:05 | Construir | Lumber Camp |
| 21:10 | Construir | Farm |
| 21:26 | Construir | House |
| 21:27 | Construir | House |
| 21:28 | Construir | House |
| 21:31 | Crear | Villager (Male) |
| 21:31 | Crear | Villager (Male) |
| 21:32 | Crear | Villager (Male) |
| 21:49 | Crear | Villager (Male) |
| 21:49 | Crear | Villager (Male) |
| 22:00 | Construir | House |
| 22:01 | Construir | House |
| 22:02 | Construir | House |
| 22:05 | Crear | Villager (Male) |
| 22:06 | Crear | Villager (Male) |
| 22:11 | Construir | Farm |
| 22:14 | Construir | Farm |
| 22:26 | Construir | Farm |
| 22:30 | Crear | Villager (Male) |
| 22:31 | Crear | Villager (Male) |
| 22:31 | Crear | Villager (Male) |
| 22:39 | Crear | Villager (Male) |
| 22:40 | Crear | Villager (Male) |
| 22:40 | Crear | Villager (Male) |
| 22:40 | Crear | Villager (Male) |
| 22:41 | Crear | Villager (Male) |
| 22:55 | Crear | Villager (Male) |
| 22:55 | Crear | Villager (Male) |
| 22:55 | Crear | Villager (Male) |
| 23:00 | Construir | House |
| 23:04 | Construir | Farm |
| 23:13 | Crear | Villager (Male) |
| 23:14 | Crear | Villager (Male) |
| 23:16 | Construir | Farm |
| 23:17 | Construir | Farm |
| 23:18 | Crear | Villager (Male) |
| 23:19 | Crear | Villager (Male) |
| 23:29 | Construir | Mining Camp |
| 23:33 | Crear | Villager (Male) |
| 23:34 | Crear | Villager (Male) |
| 23:41 | Crear | Villager (Male) |
| 24:36 | Construir | Mining Camp |
| 24:44 | Construir | Farm |
| 24:46 | Crear | Villager (Male) |
| 24:47 | Crear | Villager (Male) |
| 24:47 | Crear | Villager (Male) |
| 24:48 | Crear | Villager (Male) |
| 24:58 | Crear | Villager (Male) |
| 24:58 | Crear | Villager (Male) |
| 24:59 | Crear | Villager (Male) |
| 25:01 | Investigar | Tech 455 |
Build order — ComandanteSierra
Primeras 150 de 921 acciones detectadas
| 0:05 | Construir | House |
| 0:07 | Construir | House |
| 0:08 | Crear | Villager (Male) |
| 0:09 | Crear | Villager (Male) |
| 0:09 | Crear | Villager (Male) |
| 0:09 | Crear | Villager (Male) |
| 0:10 | Crear | Villager (Male) |
| 1:53 | Crear | Villager (Male) |
| 1:53 | Crear | Villager (Male) |
| 2:13 | Construir | Lumber Camp |
| 2:24 | Crear | Villager (Male) |
| 2:24 | Crear | Villager (Male) |
| 2:59 | Crear | Villager (Male) |
| 2:59 | Crear | Villager (Male) |
| 3:26 | Crear | Villager (Male) |
| 3:26 | Crear | Villager (Male) |
| 4:03 | Crear | Villager (Male) |
| 4:03 | Crear | Villager (Male) |
| 4:17 | Crear | Villager (Male) |
| 4:34 | Construir | Mill |
| 4:36 | Crear | Villager (Male) |
| 4:37 | Crear | Villager (Male) |
| 5:16 | Crear | Villager (Male) |
| 5:16 | Crear | Villager (Male) |
| 5:17 | Crear | Villager (Male) |
| 5:50 | Crear | Villager (Male) |
| 5:50 | Crear | Villager (Male) |
| 5:54 | Construir | House |
| 5:57 | Construir | House |
| 5:58 | Construir | House |
| 6:00 | Crear | Villager (Male) |
| 6:00 | Crear | Villager (Male) |
| 6:15 | Crear | Villager (Male) |
| 6:15 | Crear | Villager (Male) |
| 6:15 | Crear | Villager (Male) |
| 7:21 | Crear | Villager (Male) |
| 7:22 | Crear | Villager (Male) |
| 7:22 | Crear | Villager (Male) |
| 7:22 | Crear | Villager (Male) |
| 7:24 | Crear | Villager (Male) |
| 8:15 | Crear | Villager (Male) |
| 8:16 | Crear | Villager (Male) |
| 10:11 | Crear | Villager (Male) |
| 10:11 | Crear | Villager (Male) |
| 10:12 | Crear | Villager (Male) |
| 10:12 | Crear | Villager (Male) |
| 10:13 | Crear | Villager (Male) |
| 10:18 | Investigar | Feudal Age |
| 10:33 | Construir | Mining Camp |
| 10:55 | Construir | Lumber Camp |
| 11:16 | Construir | Farm |
| 11:21 | Construir | Farm |
| 11:27 | Construir | Farm |
| 11:33 | Construir | Farm |
| 13:22 | Construir | Farm |
| 14:01 | Edad | Edad Feudal |
| 14:05 | Construir | Market |
| 14:14 | Construir | Blacksmith |
| 14:40 | Investigar | Wheelbarrow |
| 14:44 | Investigar | Double-Bit Axe |
| 14:45 | Investigar | Horse Collar |
| 14:52 | Construir | Barracks |
| 16:16 | Investigar | Castle Age |
| 18:56 | Edad | Edad de los Castillos |
| 19:02 | Construir | Town Center |
| 19:08 | Investigar | Hand Cart |
| 19:11 | Investigar | Bow Saw |
| 19:14 | Investigar | Heavy Plow |
| 19:19 | Construir | Town Center |
| 19:28 | Construir | Town Center |
| 20:00 | Construir | Castle |
| 20:12 | Construir | House |
| 20:12 | Construir | House |
| 20:50 | Construir | Siege Workshop |
| 20:53 | Crear | Villager (Male) |
| 20:53 | Crear | Villager (Male) |
| 20:54 | Crear | Villager (Male) |
| 20:54 | Crear | Villager (Male) |
| 20:54 | Crear | Villager (Male) |
| 20:55 | Crear | Villager (Male) |
| 20:55 | Crear | Villager (Male) |
| 20:55 | Crear | Villager (Male) |
| 20:56 | Crear | Villager (Male) |
| 20:56 | Crear | Villager (Male) |
| 20:56 | Crear | Villager (Male) |
| 21:05 | Crear | Villager (Male) |
| 21:06 | Crear | Villager (Male) |
| 21:27 | Crear | Villager (Male) |
| 21:28 | Crear | Villager (Male) |
| 21:30 | Construir | Farm |
| 21:36 | Construir | Mill |
| 21:37 | Construir | Farm |
| 21:42 | Construir | Mill |
| 21:44 | Construir | Farm |
| 21:46 | Crear | Villager (Male) |
| 21:46 | Crear | Villager (Male) |
| 21:51 | Construir | House |
| 21:52 | Construir | House |
| 21:54 | Crear | Villager (Male) |
| 21:54 | Crear | Villager (Male) |
| 22:04 | Construir | Mill |
| 22:07 | Crear | Villager (Male) |
| 22:07 | Crear | Villager (Male) |
| 22:13 | Construir | Farm |
| 22:14 | Construir | Farm |
| 22:26 | Construir | Farm |
| 22:37 | Crear | Villager (Male) |
| 22:37 | Crear | Villager (Male) |
| 22:41 | Construir | Farm |
| 22:45 | Crear | Villager (Male) |
| 22:45 | Crear | Villager (Male) |
| 22:45 | Crear | Villager (Male) |
| 22:55 | Construir | Building 487 |
| 23:11 | Crear | Villager (Male) |
| 23:11 | Crear | Villager (Male) |
| 23:12 | Crear | Villager (Male) |
| 23:12 | Crear | Villager (Male) |
| 23:20 | Construir | Farm |
| 23:30 | Crear | Villager (Male) |
| 23:31 | Crear | Villager (Male) |
| 23:36 | Construir | Mill |
| 23:41 | Crear | Villager (Male) |
| 23:41 | Crear | Villager (Male) |
| 23:42 | Crear | Villager (Male) |
| 23:42 | Crear | Villager (Male) |
| 23:45 | Construir | Farm |
| 23:48 | Construir | House |
| 23:54 | Construir | Building 490 |
| 23:55 | Crear | Villager (Male) |
| 23:56 | Crear | Villager (Male) |
| 23:56 | Crear | Villager (Male) |
| 24:08 | Construir | Mill |
| 24:09 | Construir | Farm |
| 24:11 | Construir | Farm |
| 24:13 | Construir | Farm |
| 24:14 | Construir | Farm |
| 24:16 | Crear | Villager (Male) |
| 24:16 | Crear | Villager (Male) |
| 24:21 | Construir | Farm |
| 24:22 | Construir | Farm |
| 24:26 | Construir | Farm |
| 24:26 | Construir | Farm |
| 24:27 | Construir | Farm |
| 24:29 | Crear | Villager (Male) |
| 24:30 | Crear | Villager (Male) |
| 24:30 | Crear | Villager (Male) |
| 24:34 | Crear | Villager (Male) |
| 24:34 | Crear | Villager (Male) |
| 24:35 | Crear | Villager (Male) |
| 24:40 | Construir | Farm |
Build order — Spinosaurus
Primeras 150 de 402 acciones detectadas
| 0:01 | Crear | Villager (Male) |
| 0:01 | Crear | Villager (Male) |
| 0:01 | Crear | Villager (Male) |
| 0:01 | Crear | Villager (Male) |
| 0:03 | Construir | House |
| 0:05 | Construir | House |
| 1:23 | Crear | Villager (Male) |
| 1:24 | Crear | Villager (Male) |
| 2:15 | Crear | Villager (Male) |
| 2:18 | Crear | Villager (Male) |
| 2:53 | Crear | Villager (Male) |
| 3:18 | Crear | Villager (Male) |
| 3:18 | Crear | Villager (Male) |
| 3:48 | Construir | House |
| 3:49 | Construir | House |
| 3:50 | Construir | House |
| 3:50 | Construir | House |
| 4:04 | Crear | Villager (Male) |
| 4:19 | Crear | Villager (Male) |
| 4:58 | Crear | Villager (Male) |
| 4:59 | Crear | Villager (Male) |
| 5:34 | Crear | Villager (Male) |
| 5:34 | Crear | Villager (Male) |
| 5:44 | Construir | Mill |
| 6:19 | Crear | Villager (Male) |
| 6:19 | Crear | Villager (Male) |
| 6:19 | Crear | Villager (Male) |
| 6:34 | Crear | Villager (Male) |
| 7:13 | Crear | Villager (Male) |
| 7:13 | Crear | Villager (Male) |
| 7:13 | Crear | Villager (Male) |
| 7:17 | Crear | Villager (Male) |
| 7:17 | Crear | Villager (Male) |
| 7:49 | Crear | Villager (Male) |
| 8:18 | Crear | Villager (Male) |
| 8:19 | Crear | Villager (Male) |
| 8:19 | Crear | Villager (Male) |
| 8:19 | Crear | Villager (Male) |
| 8:37 | Crear | Villager (Male) |
| 8:46 | Crear | Villager (Male) |
| 9:12 | Crear | Villager (Male) |
| 9:13 | Crear | Villager (Male) |
| 9:24 | Crear | Villager (Male) |
| 9:25 | Crear | Villager (Male) |
| 9:42 | Crear | Villager (Male) |
| 9:42 | Crear | Villager (Male) |
| 9:42 | Crear | Villager (Male) |
| 9:42 | Crear | Villager (Male) |
| 10:15 | Crear | Villager (Male) |
| 10:15 | Crear | Villager (Male) |
| 11:14 | Crear | Villager (Male) |
| 11:14 | Crear | Villager (Male) |
| 11:14 | Crear | Villager (Male) |
| 11:22 | Construir | House |
| 11:23 | Construir | House |
| 11:24 | Construir | House |
| 11:25 | Construir | House |
| 11:34 | Investigar | Feudal Age |
| 11:34 | Investigar | Feudal Age |
| 11:47 | Construir | Mule Cart |
| 12:04 | Crear | Villager (Male) |
| 12:33 | Crear | Villager (Male) |
| 12:40 | Construir | House |
| 12:42 | Construir | House |
| 12:44 | Construir | House |
| 12:46 | Crear | Villager (Male) |
| 12:58 | Construir | Mule Cart |
| 12:59 | Crear | Villager (Male) |
| 12:59 | Crear | Villager (Male) |
| 13:54 | Edad | Edad Feudal |
| 13:57 | Construir | Market |
| 14:04 | Construir | Blacksmith |
| 14:50 | Investigar | Castle Age |
| 14:57 | Construir | House |
| 14:58 | Construir | House |
| 14:59 | Construir | House |
| 15:01 | Crear | Villager (Male) |
| 15:05 | Investigar | Double-Bit Axe |
| 15:05 | Investigar | Double-Bit Axe |
| 15:06 | Investigar | Horse Collar |
| 15:06 | Investigar | Horse Collar |
| 16:35 | Crear | Villager (Male) |
| 16:43 | Construir | Farm |
| 16:44 | Construir | Farm |
| 16:44 | Construir | Farm |
| 16:44 | Construir | Farm |
| 16:45 | Construir | Farm |
| 16:46 | Construir | Farm |
| 16:46 | Construir | Farm |
| 16:48 | Construir | Farm |
| 17:18 | Construir | House |
| 17:19 | Construir | House |
| 17:20 | Construir | House |
| 17:30 | Edad | Edad de los Castillos |
| 17:32 | Crear | Villager (Male) |
| 17:37 | Construir | Town Center |
| 18:08 | Construir | Castle |
| 18:12 | Crear | Villager (Male) |
| 18:22 | Crear | Villager (Male) |
| 18:22 | Crear | Villager (Male) |
| 18:32 | Crear | Villager (Male) |
| 18:41 | Crear | Villager (Male) |
| 18:41 | Crear | Villager (Male) |
| 18:42 | Crear | Villager (Male) |
| 18:45 | Construir | Farm |
| 18:47 | Construir | Farm |
| 18:49 | Construir | Farm |
| 18:51 | Construir | Farm |
| 19:08 | Construir | Farm |
| 19:25 | Crear | Villager (Male) |
| 19:26 | Crear | Villager (Male) |
| 19:28 | Construir | Farm |
| 19:37 | Crear | Villager (Male) |
| 20:07 | Crear | Monaspa ×2 |
| 20:07 | Crear | Monaspa ×2 |
| 20:14 | Crear | Villager (Male) ×3 |
| 20:31 | Crear | Villager (Male) |
| 20:44 | Construir | Town Center |
| 20:48 | Crear | Villager (Male) ×2 |
| 21:06 | Construir | Town Center |
| 21:14 | Crear | Villager (Male) ×2 |
| 21:17 | Crear | Villager (Male) |
| 21:28 | Investigar | Wheelbarrow |
| 21:28 | Investigar | Wheelbarrow |
| 21:33 | Crear | Villager (Male) |
| 21:41 | Crear | Villager (Male) |
| 21:45 | Crear | Villager (Male) ×4 |
| 21:52 | Construir | Farm |
| 21:53 | Construir | Farm |
| 21:56 | Construir | Farm |
| 21:58 | Construir | Farm |
| 22:01 | Crear | Villager (Male) |
| 22:13 | Crear | Villager (Male) |
| 22:17 | Construir | Farm |
| 22:18 | Crear | Villager (Male) |
| 22:29 | Construir | Farm |
| 22:32 | Construir | Farm |
| 22:34 | Construir | Farm |
| 22:37 | Construir | Farm |
| 22:46 | Construir | Farm |
| 22:50 | Crear | Villager (Male) ×3 |
| 23:06 | Crear | Villager (Male) ×2 |
| 23:10 | Crear | Villager (Male) |
| 23:14 | Construir | Farm |
| 23:16 | Crear | Villager (Male) |
| 23:16 | Crear | Villager (Male) |
| 23:19 | Construir | Farm |
| 23:23 | Construir | Farm |
| 23:24 | Construir | Farm |
| 23:27 | Construir | Farm |
Build order — Ingent
Primeras 150 de 411 acciones detectadas
| 0:03 | Crear | Villager (Male) |
| 0:03 | Crear | Villager (Male) |
| 0:04 | Construir | House |
| 0:05 | Construir | House |
| 0:12 | Crear | Villager (Male) |
| 0:12 | Crear | Villager (Male) |
| 0:13 | Crear | Villager (Male) |
| 1:26 | Crear | Villager (Male) |
| 2:10 | Crear | Villager (Male) |
| 2:14 | Crear | Villager (Male) |
| 2:16 | Construir | Lumber Camp |
| 2:38 | Crear | Villager (Male) |
| 2:59 | Crear | Villager (Male) |
| 3:14 | Crear | Villager (Male) |
| 3:38 | Crear | Villager (Male) |
| 4:20 | Construir | House |
| 4:21 | Construir | House |
| 4:22 | Construir | House |
| 4:33 | Crear | Villager (Male) |
| 4:55 | Crear | Villager (Male) |
| 4:56 | Crear | Villager (Male) |
| 5:07 | Construir | Mill |
| 5:16 | Crear | Villager (Male) |
| 5:40 | Crear | Villager (Male) |
| 5:42 | Crear | Villager (Male) |
| 7:02 | Crear | Villager (Male) |
| 7:02 | Crear | Villager (Male) |
| 7:02 | Crear | Villager (Male) |
| 7:10 | Construir | Farm |
| 7:18 | Construir | Farm |
| 7:37 | Crear | Villager (Male) |
| 8:10 | Construir | Mining Camp |
| 8:50 | Investigar | Feudal Age |
| 9:51 | Crear | Villager (Male) |
| 9:51 | Crear | Villager (Male) |
| 9:51 | Crear | Villager (Male) |
| 9:55 | Investigar | Loom |
| 11:06 | Edad | Edad Feudal |
| 11:11 | Construir | Market |
| 11:15 | Construir | Blacksmith |
| 11:16 | Construir | House |
| 11:57 | Investigar | Double-Bit Axe |
| 12:03 | Investigar | Castle Age |
| 13:30 | Investigar | Loom |
| 13:41 | Crear | Villager (Male) |
| 13:42 | Crear | Villager (Male) |
| 13:43 | Construir | Farm |
| 13:44 | Construir | Farm |
| 13:44 | Construir | Farm |
| 14:02 | Crear | Villager (Male) |
| 14:26 | Investigar | Loom |
| 14:34 | Crear | Villager (Male) |
| 14:43 | Edad | Edad de los Castillos |
| 15:04 | Investigar | Horse Collar |
| 15:33 | Construir | Castle |
| 15:34 | Construir | Mining Camp |
| 15:48 | Investigar | Bow Saw |
| 15:57 | Crear | Villager (Male) |
| 15:59 | Construir | Farm |
| 16:00 | Construir | Farm |
| 16:27 | Construir | Farm |
| 16:29 | Crear | Villager (Male) |
| 16:43 | Construir | Farm |
| 16:57 | Crear | Villager (Male) |
| 17:05 | Crear | Conquistador |
| 17:08 | Crear | Conquistador |
| 17:18 | Construir | Farm |
| 17:21 | Crear | Villager (Male) |
| 17:27 | Crear | Conquistador |
| 17:30 | Crear | Conquistador |
| 17:49 | Construir | Farm |
| 17:56 | Crear | Villager (Male) |
| 18:00 | Construir | Farm |
| 18:05 | Crear | Villager (Male) |
| 18:23 | Crear | Petard |
| 18:32 | Investigar | Padded Archer Armor |
| 18:35 | Crear | Villager (Male) |
| 18:37 | Construir | Farm |
| 18:42 | Construir | House |
| 18:43 | Construir | House |
| 18:53 | Crear | Petard |
| 18:54 | Crear | Conquistador |
| 18:58 | Crear | Villager (Male) |
| 19:23 | Construir | Farm |
| 19:25 | Construir | Farm |
| 19:25 | Construir | Farm |
| 19:25 | Construir | Farm |
| 19:25 | Construir | Farm |
| 19:26 | Construir | Farm |
| 19:27 | Crear | Villager (Male) |
| 20:05 | Construir | Barracks |
| 20:08 | Investigar | Leather Archer Armor |
| 20:12 | Crear | Villager (Male) |
| 20:18 | Construir | Farm |
| 20:31 | Crear | Villager (Male) |
| 20:34 | Construir | Farm |
| 20:38 | Crear | Conquistador |
| 21:08 | Construir | Stable |
| 21:31 | Crear | Villager (Male) |
| 21:31 | Crear | Villager (Male) |
| 21:37 | Construir | Farm |
| 21:37 | Construir | Farm |
| 21:38 | Construir | Farm |
| 21:42 | Crear | Villager (Male) |
| 21:52 | Investigar | Town Watch |
| 21:54 | Investigar | Wheelbarrow |
| 21:59 | Investigar | Bloodlines |
| 22:22 | Construir | Farm |
| 22:23 | Construir | Farm |
| 22:23 | Construir | Farm |
| 22:23 | Construir | Farm |
| 22:30 | Investigar | Husbandry |
| 22:33 | Crear | Villager (Male) |
| 22:52 | Construir | Farm |
| 22:52 | Construir | Farm |
| 22:52 | Construir | Farm |
| 22:53 | Construir | Farm |
| 22:54 | Crear | Villager (Male) |
| 22:55 | Crear | Villager (Male) |
| 22:55 | Crear | Villager (Male) |
| 23:24 | Investigar | Heavy Plow |
| 23:26 | Crear | Villager (Male) |
| 24:03 | Construir | Farm |
| 24:03 | Construir | Farm |
| 24:04 | Construir | Farm |
| 24:04 | Construir | Farm |
| 24:06 | Crear | Villager (Male) |
| 24:06 | Crear | Villager (Male) |
| 24:06 | Crear | Villager (Male) |
| 24:55 | Investigar | Hand Cart |
| 25:49 | Crear | Villager (Male) |
| 25:52 | Crear | Villager (Male) |
| 25:57 | Construir | Archery Range |
| 26:41 | Investigar | Imperial Age |
| 26:47 | Construir | Archery Range |
| 26:52 | Crear | Skirmisher |
| 26:52 | Crear | Skirmisher |
| 26:53 | Crear | Skirmisher |
| 27:32 | Crear | Skirmisher |
| 27:33 | Crear | Skirmisher |
| 27:36 | Construir | Archery Range |
| 27:43 | Crear | Skirmisher |
| 27:43 | Crear | Skirmisher |
| 28:08 | Crear | Skirmisher |
| 28:09 | Crear | Skirmisher |
| 28:10 | Crear | Skirmisher |
| 28:11 | Crear | Skirmisher |
| 28:27 | Crear | Skirmisher |
| 28:27 | Crear | Skirmisher |
| 28:34 | Investigar | Fletching |
Build order — Loco Vargas
Primeras 150 de 422 acciones detectadas
| 0:00 | Crear | Villager (Male) |
| 0:00 | Crear | Villager (Male) |
| 0:01 | Crear | Villager (Male) |
| 0:02 | Construir | House |
| 0:03 | Construir | House |
| 0:41 | Crear | Villager (Male) |
| 0:41 | Crear | Villager (Male) |
| 1:34 | Crear | Villager (Male) |
| 1:34 | Crear | Villager (Male) |
| 1:51 | Crear | Villager (Male) |
| 1:52 | Crear | Villager (Male) |
| 2:29 | Crear | Villager (Male) |
| 2:29 | Crear | Villager (Male) |
| 2:47 | Crear | Villager (Male) |
| 2:47 | Crear | Villager (Male) |
| 3:17 | Crear | Villager (Male) |
| 3:25 | Construir | Lumber Camp |
| 3:27 | Construir | House |
| 3:29 | Construir | House |
| 3:29 | Construir | House |
| 3:45 | Crear | Villager (Male) |
| 4:13 | Crear | Villager (Male) |
| 4:13 | Crear | Villager (Male) |
| 4:13 | Crear | Villager (Male) |
| 4:13 | Crear | Villager (Male) |
| 5:03 | Crear | Villager (Male) |
| 5:03 | Crear | Villager (Male) |
| 5:35 | Construir | Mill |
| 5:40 | Crear | Villager (Male) |
| 5:40 | Crear | Villager (Male) |
| 6:28 | Crear | Villager (Male) |
| 6:29 | Crear | Villager (Male) |
| 7:16 | Crear | Villager (Male) |
| 8:01 | Crear | Villager (Male) |
| 8:01 | Crear | Villager (Male) |
| 8:19 | Crear | Villager (Male) |
| 9:07 | Crear | Villager (Male) |
| 9:09 | Investigar | Feudal Age |
| 9:22 | Construir | Mining Camp |
| 10:04 | Construir | Barracks |
| 10:06 | Construir | House |
| 10:07 | Construir | House |
| 10:10 | Construir | House |
| 11:51 | Edad | Edad Feudal |
| 11:56 | Crear | Villager (Male) |
| 11:57 | Crear | Villager (Male) |
| 11:57 | Crear | Villager (Male) |
| 12:00 | Investigar | Double-Bit Axe |
| 12:17 | Construir | Mining Camp |
| 12:23 | Crear | Villager (Male) |
| 12:27 | Construir | Archery Range |
| 12:36 | Construir | Farm |
| 12:39 | Construir | Farm |
| 13:03 | Crear | Villager (Male) |
| 13:09 | Construir | Market |
| 13:10 | Crear | Archer |
| 13:10 | Crear | Archer |
| 13:10 | Crear | Archer |
| 13:12 | Crear | Spearman |
| 13:13 | Crear | Spearman |
| 13:48 | Crear | Villager (Male) |
| 13:49 | Crear | Villager (Male) |
| 13:57 | Construir | Farm |
| 13:58 | Construir | Farm |
| 13:59 | Construir | Farm |
| 14:00 | Construir | Farm |
| 14:04 | Construir | Farm |
| 14:11 | Crear | Spearman |
| 14:15 | Investigar | Loom |
| 14:17 | Crear | Villager (Male) |
| 14:27 | Investigar | Horse Collar |
| 14:44 | Construir | Outpost |
| 14:50 | Crear | Archer |
| 15:04 | Crear | Villager (Male) |
| 15:21 | Construir | Outpost |
| 15:23 | Construir | Outpost |
| 15:25 | Crear | Villager (Male) |
| 15:31 | Crear | Archer |
| 15:48 | Crear | Villager (Male) |
| 15:51 | Construir | House |
| 15:54 | Construir | Blacksmith |
| 16:25 | Investigar | Castle Age |
| 16:34 | Construir | Farm |
| 17:16 | Crear | Villager (Male) |
| 17:22 | Construir | House |
| 17:25 | Construir | House |
| 17:37 | Construir | Farm |
| 17:39 | Construir | Farm |
| 17:40 | Construir | Farm |
| 17:41 | Construir | Farm |
| 17:42 | Construir | Farm |
| 17:54 | Investigar | Gold Mining |
| 18:24 | Crear | Spearman |
| 18:24 | Crear | Spearman |
| 18:36 | Construir | House |
| 18:38 | Construir | House |
| 18:57 | Crear | Villager (Male) |
| 19:12 | Edad | Edad de los Castillos |
| 19:16 | Construir | Town Center |
| 19:20 | Construir | Town Center |
| 19:24 | Crear | Villager (Male) |
| 19:37 | Investigar | Bow Saw |
| 19:37 | Investigar | Bow Saw |
| 19:39 | Crear | Villager (Male) |
| 19:40 | Crear | Villager (Male) |
| 20:38 | Construir | Outpost |
| 20:45 | Investigar | Wheelbarrow |
| 20:47 | Crear | Villager (Male) |
| 20:47 | Crear | Villager (Male) |
| 20:52 | Construir | Farm |
| 21:11 | Investigar | Heavy Plow |
| 21:11 | Investigar | Heavy Plow |
| 21:13 | Crear | Villager (Male) |
| 21:13 | Crear | Villager (Male) |
| 21:13 | Crear | Villager (Male) |
| 21:38 | Construir | Outpost |
| 21:45 | Crear | Villager (Male) |
| 21:46 | Crear | Villager (Male) |
| 21:46 | Crear | Villager (Male) |
| 21:53 | Construir | Farm |
| 21:54 | Construir | Farm |
| 21:54 | Construir | Farm |
| 22:07 | Crear | Villager (Male) |
| 22:07 | Crear | Villager (Male) |
| 22:34 | Crear | Villager (Male) |
| 22:35 | Crear | Villager (Male) |
| 22:35 | Crear | Villager (Male) |
| 22:41 | Construir | Farm |
| 22:42 | Construir | Farm |
| 22:43 | Construir | Farm |
| 22:46 | Construir | Farm |
| 22:47 | Construir | Farm |
| 22:50 | Construir | Farm |
| 22:51 | Construir | Farm |
| 22:55 | Crear | Villager (Male) |
| 23:05 | Crear | Villager (Male) |
| 23:05 | Crear | Villager (Male) |
| 23:12 | Construir | Mining Camp |
| 23:17 | Crear | Villager (Male) |
| 23:18 | Crear | Villager (Male) |
| 23:34 | Construir | Monastery |
| 23:44 | Crear | Villager (Male) |
| 23:45 | Crear | Villager (Male) |
| 23:46 | Crear | Villager (Male) |
| 23:49 | Crear | Villager (Male) |
| 23:50 | Crear | Villager (Male) |
| 23:53 | Crear | Villager (Male) |
| 23:53 | Crear | Villager (Male) |
| 24:00 | Construir | House |
| 24:01 | Construir | House |
Build order — Josua_Deere
Primeras 150 de 525 acciones detectadas
| 0:00 | Crear | Villager (Male) |
| 0:01 | Crear | Villager (Male) |
| 0:01 | Crear | Villager (Male) |
| 0:02 | Construir | House |
| 0:04 | Construir | House |
| 0:15 | Crear | Villager (Male) |
| 0:16 | Crear | Villager (Male) |
| 0:16 | Crear | Villager (Male) |
| 1:37 | Crear | Villager (Male) |
| 1:37 | Crear | Villager (Male) |
| 2:04 | Construir | House |
| 2:06 | Construir | Lumber Camp |
| 2:09 | Crear | Villager (Male) |
| 2:09 | Crear | Villager (Male) |
| 2:53 | Crear | Villager (Male) |
| 2:54 | Crear | Villager (Male) |
| 2:54 | Crear | Villager (Male) |
| 3:44 | Crear | Villager (Male) |
| 3:44 | Crear | Villager (Male) |
| 3:44 | Crear | Villager (Male) |
| 3:45 | Crear | Villager (Male) |
| 4:56 | Crear | Villager (Male) |
| 4:57 | Crear | Villager (Male) |
| 5:25 | Construir | House |
| 5:28 | Construir | Mill |
| 5:29 | Crear | Villager (Male) |
| 5:30 | Crear | Villager (Male) |
| 5:30 | Crear | Villager (Male) |
| 5:30 | Crear | Villager (Male) |
| 6:50 | Crear | Villager (Male) |
| 6:51 | Crear | Villager (Male) |
| 6:51 | Crear | Villager (Male) |
| 6:51 | Crear | Villager (Male) |
| 7:31 | Crear | Villager (Male) |
| 7:31 | Crear | Villager (Male) |
| 8:30 | Construir | House |
| 8:40 | Investigar | Loom |
| 8:40 | Investigar | Feudal Age |
| 8:48 | Crear | Villager (Male) |
| 8:49 | Crear | Villager (Male) |
| 8:56 | Crear | Villager (Male) |
| 8:57 | Crear | Villager (Male) |
| 8:57 | Crear | Villager (Male) |
| 9:09 | Investigar | Feudal Age |
| 9:43 | Construir | House |
| 9:44 | Construir | House |
| 9:45 | Construir | House |
| 9:47 | Crear | Villager (Male) |
| 9:47 | Crear | Villager (Male) |
| 10:26 | Construir | Mining Camp |
| 10:32 | Construir | House |
| 10:33 | Construir | House |
| 10:42 | Construir | Farm |
| 10:44 | Construir | Farm |
| 10:45 | Construir | Farm |
| 10:47 | Construir | Farm |
| 10:54 | Construir | Farm |
| 11:31 | Construir | Farm |
| 11:41 | Construir | Farm |
| 11:49 | Construir | Farm |
| 12:00 | Construir | Farm |
| 12:16 | Construir | Farm |
| 13:07 | Edad | Edad Feudal |
| 13:09 | Construir | Market |
| 13:11 | Construir | Blacksmith |
| 13:38 | Investigar | Double-Bit Axe |
| 14:02 | Investigar | Castle Age |
| 14:13 | Investigar | Horse Collar |
| 15:10 | Construir | Mining Camp |
| 16:28 | Edad | Edad de los Castillos |
| 16:41 | Construir | Town Center |
| 16:46 | Construir | Town Center |
| 16:49 | Crear | Villager (Male) |
| 16:49 | Crear | Villager (Male) |
| 16:50 | Crear | Villager (Male) |
| 16:55 | Investigar | Bow Saw |
| 17:24 | Investigar | Heavy Plow |
| 17:27 | Crear | Villager (Male) |
| 18:10 | Crear | Villager (Male) |
| 18:11 | Crear | Villager (Male) |
| 18:12 | Crear | Villager (Male) |
| 18:13 | Crear | Villager (Male) |
| 18:34 | Crear | Villager (Male) |
| 18:34 | Crear | Villager (Male) |
| 18:34 | Crear | Villager (Male) |
| 18:34 | Crear | Villager (Male) |
| 18:35 | Crear | Villager (Male) |
| 18:35 | Crear | Villager (Male) |
| 18:36 | Crear | Villager (Male) |
| 18:36 | Crear | Villager (Male) |
| 18:41 | Construir | Farm |
| 18:41 | Construir | Farm |
| 18:43 | Construir | Farm |
| 18:50 | Construir | Farm |
| 18:51 | Construir | Farm |
| 18:52 | Construir | Farm |
| 19:04 | Construir | Monastery |
| 19:08 | Construir | Farm |
| 19:09 | Construir | Farm |
| 19:10 | Construir | Farm |
| 19:14 | Construir | Farm |
| 19:16 | Crear | Villager (Male) |
| 19:17 | Crear | Villager (Male) |
| 19:18 | Crear | Villager (Male) |
| 19:19 | Crear | Villager (Male) |
| 19:39 | Investigar | Wheelbarrow |
| 19:55 | Crear | Monk |
| 20:01 | Construir | Barracks |
| 20:04 | Crear | Villager (Male) |
| 20:04 | Crear | Villager (Male) |
| 20:04 | Crear | Villager (Male) |
| 20:04 | Crear | Villager (Male) |
| 20:04 | Crear | Villager (Male) |
| 20:05 | Crear | Villager (Male) |
| 20:14 | Construir | Farm |
| 20:16 | Construir | Farm |
| 20:17 | Construir | Farm |
| 20:19 | Crear | Villager (Male) |
| 20:19 | Crear | Villager (Male) |
| 20:26 | Crear | Villager (Male) |
| 21:01 | Construir | Stable |
| 21:04 | Construir | House |
| 21:05 | Construir | House |
| 21:06 | Construir | House |
| 21:07 | Construir | House |
| 21:10 | Construir | House |
| 21:11 | Construir | House |
| 21:13 | Crear | Villager (Male) |
| 21:13 | Crear | Villager (Male) |
| 21:13 | Crear | Villager (Male) |
| 21:14 | Crear | Villager (Male) |
| 21:14 | Crear | Villager (Male) |
| 21:25 | Construir | Farm |
| 21:27 | Construir | Farm |
| 21:32 | Construir | Farm |
| 21:33 | Construir | Farm |
| 21:57 | Construir | Farm |
| 21:58 | Construir | Farm |
| 22:02 | Construir | Farm |
| 22:04 | Construir | Farm |
| 22:05 | Construir | Farm |
| 22:08 | Construir | Farm |
| 22:11 | Crear | Knight |
| 22:34 | Crear | Villager (Male) |
| 22:34 | Crear | Villager (Male) |
| 22:34 | Crear | Villager (Male) |
| 22:35 | Crear | Villager (Male) |
| 22:35 | Crear | Villager (Male) |
| 22:35 | Crear | Villager (Male) |
| 22:35 | Crear | Villager (Male) |
Build order — Goz
Primeras 150 de 495 acciones detectadas
| 0:01 | Crear | Villager (Male) |
| 0:01 | Crear | Villager (Male) |
| 0:02 | Construir | House |
| 0:03 | Construir | House |
| 0:21 | Crear | Villager (Male) |
| 0:21 | Crear | Villager (Male) |
| 1:28 | Crear | Villager (Male) |
| 1:28 | Crear | Villager (Male) |
| 1:56 | Crear | Villager (Male) |
| 1:56 | Crear | Villager (Male) |
| 2:33 | Crear | Villager (Male) |
| 2:33 | Crear | Villager (Male) |
| 2:34 | Crear | Villager (Male) |
| 3:02 | Construir | Lumber Camp |
| 3:04 | Crear | Villager (Male) |
| 3:04 | Crear | Villager (Male) |
| 3:27 | Construir | House |
| 3:29 | Construir | House |
| 3:31 | Crear | Villager (Male) |
| 3:33 | Crear | Villager (Male) |
| 3:33 | Crear | Villager (Male) |
| 3:45 | Crear | Villager (Male) |
| 3:46 | Crear | Villager (Male) |
| 4:24 | Crear | Villager (Male) |
| 4:40 | Crear | Villager (Male) |
| 4:41 | Crear | Villager (Male) |
| 5:06 | Crear | Villager (Male) |
| 5:06 | Crear | Villager (Male) |
| 5:06 | Crear | Villager (Male) |
| 5:44 | Crear | Villager (Male) |
| 6:03 | Crear | Villager (Male) |
| 6:04 | Crear | Villager (Male) |
| 6:04 | Crear | Villager (Male) |
| 6:27 | Crear | Villager (Male) |
| 7:32 | Construir | Mill |
| 8:23 | Investigar | Feudal Age |
| 8:43 | Construir | House |
| 10:34 | Edad | Edad Feudal |
| 10:42 | Crear | Villager (Male) |
| 10:42 | Crear | Villager (Male) |
| 10:48 | Construir | Market |
| 10:54 | Construir | Blacksmith |
| 11:02 | Construir | Mining Camp |
| 11:15 | Construir | Farm |
| 11:17 | Construir | Farm |
| 11:19 | Construir | Farm |
| 11:22 | Construir | Farm |
| 11:33 | Crear | Villager (Male) |
| 11:34 | Construir | Farm |
| 11:49 | Crear | Villager (Male) |
| 11:56 | Construir | Mining Camp |
| 12:02 | Construir | Farm |
| 12:10 | Construir | House |
| 12:13 | Construir | House |
| 12:14 | Construir | House |
| 12:41 | Crear | Villager (Male) |
| 13:05 | Crear | Villager (Male) |
| 13:13 | Construir | Farm |
| 13:24 | Crear | Villager (Male) |
| 13:34 | Construir | Farm |
| 13:57 | Investigar | Castle Age |
| 13:57 | Investigar | Castle Age |
| 13:57 | Investigar | Castle Age |
| 14:31 | Investigar | Double-Bit Axe |
| 14:32 | Investigar | Horse Collar |
| 14:44 | Construir | Lumber Camp |
| 14:58 | Crear | Villager (Male) |
| 16:37 | Edad | Edad de los Castillos |
| 16:38 | Crear | Villager (Male) |
| 16:49 | Construir | Town Center |
| 17:07 | Crear | Villager (Male) |
| 17:16 | Construir | Town Center |
| 17:21 | Investigar | Bow Saw |
| 17:21 | Crear | Villager (Male) |
| 17:38 | Crear | Villager (Male) |
| 17:47 | Crear | Villager (Male) |
| 17:47 | Crear | Villager (Male) |
| 17:54 | Crear | Villager (Male) |
| 18:10 | Crear | Villager (Male) |
| 18:10 | Crear | Villager (Male) |
| 18:19 | Crear | Villager (Male) |
| 18:24 | Construir | Farm |
| 18:28 | Construir | Farm |
| 18:32 | Construir | Farm |
| 18:35 | Construir | Farm |
| 18:37 | Construir | Farm |
| 18:38 | Crear | Villager (Male) |
| 18:38 | Crear | Villager (Male) |
| 18:47 | Construir | Farm |
| 18:51 | Construir | Farm |
| 18:51 | Crear | Villager (Male) |
| 18:52 | Crear | Villager (Male) |
| 18:55 | Construir | Farm |
| 18:56 | Crear | Villager (Male) |
| 19:01 | Construir | Farm |
| 19:07 | Construir | House |
| 19:09 | Construir | House |
| 19:26 | Crear | Villager (Male) |
| 19:27 | Crear | Villager (Male) |
| 19:44 | Crear | Villager (Male) |
| 19:44 | Crear | Villager (Male) |
| 19:50 | Construir | Monastery |
| 20:04 | Construir | Town Center |
| 20:06 | Crear | Villager (Male) |
| 20:06 | Crear | Villager (Male) |
| 20:19 | Construir | Farm |
| 20:21 | Construir | Farm |
| 20:23 | Construir | Farm |
| 20:26 | Crear | Villager (Male) |
| 20:28 | Construir | Farm |
| 20:29 | Crear | Villager (Male) |
| 20:31 | Construir | House |
| 20:32 | Construir | House |
| 20:33 | Construir | House |
| 20:35 | Crear | Monk |
| 20:42 | Crear | Villager (Male) |
| 20:42 | Crear | Villager (Male) |
| 20:57 | Crear | Villager (Male) |
| 20:57 | Crear | Villager (Male) |
| 21:06 | Construir | Town Center |
| 21:07 | Crear | Villager (Male) |
| 21:26 | Construir | Farm |
| 21:28 | Construir | Farm |
| 21:31 | Construir | Farm |
| 21:31 | Crear | Villager (Male) |
| 21:31 | Crear | Villager (Male) |
| 21:33 | Crear | Monk |
| 21:48 | Construir | Monastery |
| 21:50 | Crear | Villager (Male) |
| 21:51 | Crear | Villager (Male) |
| 21:52 | Crear | Villager (Male) |
| 22:00 | Construir | Farm |
| 22:02 | Construir | Farm |
| 22:02 | Crear | Villager (Male) |
| 22:03 | Crear | Villager (Male) |
| 22:12 | Construir | Mill |
| 22:13 | Construir | Farm |
| 22:14 | Construir | Farm |
| 22:15 | Construir | Farm |
| 22:16 | Construir | Farm |
| 22:18 | Construir | Farm |
| 22:19 | Construir | Farm |
| 22:20 | Construir | Farm |
| 22:21 | Construir | Farm |
| 22:23 | Construir | Farm |
| 22:24 | Crear | Villager (Male) |
| 22:24 | Crear | Villager (Male) |
| 22:24 | Crear | Villager (Male) |
| 22:25 | Crear | Villager (Male) |
| 22:29 | Construir | House |
Cronología de la partida
| 7:48 | T1 · first_building Barracks |
| 10:04 | Loco Vargas · first_building Barracks |
| 10:19 | T1 · age_up feudal |
| 10:34 | Goz · age_up feudal |
| 11:06 | Ingent · age_up feudal |
| 11:32 | Lord VanZaldua · age_up feudal |
| 11:51 | Loco Vargas · age_up feudal |
| 12:27 | Loco Vargas · first_building Archery Range |
| 12:49 | T1 · first_building Archery Range |
| 13:07 | Josua_Deere · age_up feudal |
| 13:54 | Spinosaurus · age_up feudal |
| 14:01 | ComandanteSierra · age_up feudal |
| 14:14 | Ingent · first_market_buy 100 stone |
| 14:43 | Ingent · age_up castle |
| 14:48 | T1 · first_market_sell 100 wood |
| 14:52 | ComandanteSierra · first_building Barracks |
| 15:17 | T1 · first_market_buy 100 food |
| 15:33 | Ingent · first_building Castle |
| 16:09 | Lord VanZaldua · age_up castle |
| 16:13 | Lord VanZaldua · first_building Siege Workshop |
| 16:28 | Josua_Deere · age_up castle |
| 16:35 | Spinosaurus · first_market_buy 100 food |
| 16:37 | Goz · age_up castle |
| 17:24 | Ingent · first_market_sell 100 stone |
| 17:30 | Spinosaurus · age_up castle |
| 17:33 | Lord VanZaldua · first_market_buy 100 wood |
| 18:08 | Spinosaurus · first_building Castle |
| 18:25 | T1 · age_up castle |
| 18:56 | ComandanteSierra · age_up castle |
| 19:04 | Josua_Deere · first_building Monastery |
| 19:12 | Loco Vargas · age_up castle |
| 19:35 | Loco Vargas · first_market_buy 100 wood |
| 19:50 | Goz · first_building Monastery |
| 20:00 | ComandanteSierra · first_building Castle |
| 20:01 | Josua_Deere · first_building Barracks |
| 20:05 | Ingent · first_building Barracks |
| 20:08 | Lord VanZaldua · first_market_sell 100 stone |
| 20:29 | Lord VanZaldua · first_building Castle |
| 20:50 | ComandanteSierra · first_building Siege Workshop |
| 21:01 | Josua_Deere · first_building Stable |
| 21:08 | Ingent · first_building Stable |
| 23:34 | Loco Vargas · first_building Monastery |
| 24:00 | Spinosaurus · first_building Monastery |
| 24:15 | Loco Vargas · first_building Castle |
| 24:54 | Spinosaurus · wall_segment Palisade Wall x1 |
| 25:25 | T1 · first_building Monastery |
| 25:57 | Ingent · first_building Archery Range |
| 26:25 | Goz · first_market_buy 100 food |
| 26:27 | Goz · first_market_sell 100 wood |
| 27:32 | Josua_Deere · first_building Castle |
| 27:49 | Lord VanZaldua · first_building Barracks |
| 27:52 | Goz · first_building Siege Workshop |
| 27:59 | Goz · first_building Barracks |
| 28:57 | Josua_Deere · age_up imperial |
| 29:10 | T1 · first_building Castle |
| 29:11 | Lord VanZaldua · first_building Monastery |
| 29:48 | Goz · age_up imperial |
| 30:00 | Loco Vargas · age_up imperial |
| 30:06 | T1 · age_up imperial |
| 30:11 | Ingent · age_up imperial |
| 30:26 | ComandanteSierra · first_building Stable |
| 30:52 | Spinosaurus · first_market_sell 100 stone |
| 30:54 | Josua_Deere · first_market_buy 100 food |
| 31:07 | ComandanteSierra · age_up imperial |
| 32:33 | Spinosaurus · first_building Barracks |
| 32:51 | Loco Vargas · first_building Siege Workshop |
| 33:16 | Loco Vargas · first_building Stable |
| 33:18 | T1 · wall_segment Stone Wall x1 |
| 33:22 | Lord VanZaldua · age_up imperial |
| 33:35 | T1 · wall_segment Stone Wall x2 |
| 34:17 | Spinosaurus · age_up imperial |
| 34:24 | Spinosaurus · first_building Stable |
| 34:30 | Lord VanZaldua · wall_segment Stone Wall x7 |
| 34:35 | Goz · first_building Castle |
| 34:51 | Ingent · first_building Siege Workshop |
| 38:39 | Loco Vargas · first_market_sell 500 wood |
| 41:52 | Lord VanZaldua · first_building Archery Range |
| 43:10 | ComandanteSierra · tribute_sent a jugador 1 |
| 43:10 | ComandanteSierra · tribute_sent a jugador 2 |
| 43:10 | ComandanteSierra · tribute_sent a jugador 4 |
| 43:10 | ComandanteSierra · tribute_sent a jugador 5 |
| 43:10 | ComandanteSierra · tribute_sent a jugador 6 |
| 43:10 | ComandanteSierra · tribute_sent a jugador 7 |
| 43:10 | ComandanteSierra · tribute_sent a jugador 8 |
| 43:50 | Spinosaurus · wall_segment Stone Wall x7 |
| 44:06 | ComandanteSierra · tribute_sent a jugador 1 |
| 44:06 | ComandanteSierra · tribute_sent a jugador 2 |
| 44:06 | ComandanteSierra · tribute_sent a jugador 4 |
| 44:06 | ComandanteSierra · tribute_sent a jugador 5 |
| 44:06 | ComandanteSierra · tribute_sent a jugador 6 |
| 44:06 | ComandanteSierra · tribute_sent a jugador 7 |
| 44:06 | ComandanteSierra · tribute_sent a jugador 8 |
| 44:23 | Ingent · tribute_sent a jugador 1 |
| 44:23 | Ingent · tribute_sent a jugador 2 |
| 44:23 | Ingent · tribute_sent a jugador 3 |
| 44:23 | Ingent · tribute_sent a jugador 4 |
| 44:23 | Ingent · tribute_sent a jugador 6 |
| 44:23 | Ingent · tribute_sent a jugador 7 |
| 44:23 | Ingent · tribute_sent a jugador 8 |
| 44:23 | Josua_Deere · tribute_sent a jugador 1 |
| 44:23 | Josua_Deere · tribute_sent a jugador 2 |
| 44:23 | Josua_Deere · tribute_sent a jugador 3 |
| 44:23 | Josua_Deere · tribute_sent a jugador 4 |
| 44:23 | Josua_Deere · tribute_sent a jugador 5 |
| 44:23 | Josua_Deere · tribute_sent a jugador 6 |
| 44:23 | Josua_Deere · tribute_sent a jugador 8 |
| 45:15 | Ingent · tribute_sent a jugador 1 |
| 45:15 | Ingent · tribute_sent a jugador 2 |
| 45:15 | Ingent · tribute_sent a jugador 3 |
| 45:15 | Ingent · tribute_sent a jugador 4 |
| 45:15 | Ingent · tribute_sent a jugador 6 |
| 45:15 | Ingent · tribute_sent a jugador 7 |
| 45:15 | Ingent · tribute_sent a jugador 8 |
| 46:19 | Josua_Deere · first_building Archery Range |
| 47:25 | Spinosaurus · wall_segment Stone Wall x4 |
| 48:59 | Ingent · tribute_sent a jugador 1 |
| 48:59 | Ingent · tribute_sent a jugador 2 |
| 48:59 | Ingent · tribute_sent a jugador 3 |
| 48:59 | Ingent · tribute_sent a jugador 4 |
| 48:59 | Ingent · tribute_sent a jugador 6 |
| 48:59 | Ingent · tribute_sent a jugador 7 |
| 48:59 | Ingent · tribute_sent a jugador 8 |
| 50:54 | Goz · first_building Stable |
| 51:09 | Goz · resign |
[ ANÁLISIS IA · 1 CRÉDITO ]
¿Qué pasó realmente en esta partida?
Wolo.gg analiza cada decisión: build order, eco, micro, errores típicos por bracket. Análisis personalizado por WhatsApp o Discord en 30 segundos.
Guía civ
Maya
Guía mapa
Arena
Perfil
T1